 Dungeon Crawl Stone Soup version 0.28.0 (webtiles) character file.

Game seed: 12210981327856169865

130 AmazingTV the Sneak (level 4, 0/23 HPs)
             Began as a Spriggan Brigand on June 29, 2022.
             Succumbed to a scorpion's poison
             ... on level 4 of the Dungeon.
             The game lasted 00:08:46 (3557 turns).

AmazingTV the Sneak (Spriggan Brigand)              Turns: 3557, Time: 00:08:47

Health: 0/23       AC:  3    Str:  5 (7)  XL:     4   Next: 89%
Magic:  5/5        EV: 17    Int: 11 (12) God:
Gold:   193        SH:  0    Dex: 17 (18) Spells: 3/3 levels left

rFire   . . .      SeeInvis +   a - +1 dagger (vamp)
rCold   . . .      Faith    .   (no shield)
rNeg    . . .      Spirit   .   o - +0 robe
rPois   .          Reflect  .   (helmet restricted)
rElec   .          Harm     .   c - +0 cloak
rCorr   .          Rampage  .   (gloves unavailable)
Will    .....                   (boots unavailable)
Stlth   +++.......              (no amulet)
HPRegen 0.07/turn               (no ring)
MPRegen 0.09/turn               (no ring)

@: lethally poisoned (0 -> -1), very quick
A: very small, no large weapons, unfitting armour, see invisible, speed 3
a: no special abilities


You were on level 4 of the Dungeon.
You visited 1 branch of the dungeon, and saw 4 of its levels.

You collected 193 gold pieces.

Inventory:

Hand Weapons
 a - a +1 vampiric dagger (weapon)
 b - a +0 hunting sling
 f - a +2 dagger
Missiles
 d - 12 poisoned darts (quivered)
 e - 6 curare-tipped darts
 h - 15 sling bullets
 i - 75 stones
Armour
 c - a +0 cloak (worn)
 o - a +0 robe (worn)
Scrolls
 g - a scroll of fear
 j - 2 scrolls of identify
 m - a scroll of blinking


   Skills:
 + Level 2.1 Fighting
 * Level 3.5 Short Blades
 + Level 1.7(2.7) Slings
 + Level 2.5(2.8) Throwing
 + Level 2.5 Dodging
 + Level 6.5 Stealth


You had 3 spell levels left.
You didn't know any spells.
Your spell library contained the following spells:

 Spells                   Type           Power      Damage    Failure   Level
 Foxfire                  Conj/Fire      0%         2x1d4     34%         1
 Conjure Flame            Conj/Fire      0%         6-21      71%         3
 Inner Flame              Hex/Fire       0%         N/A       71%         3
 Flame Wave               Conj/Fire      0%         2d4       98%         4


Dungeon Overview and Level Annotations

Branches:
Dungeon (4/15)
 Temple: D:4-7

Altars:
Okawaru
Ru


Innate Abilities, Weirdness & Mutations

You are very small and have problems with some larger weapons.
You are too small for most types of armour.
You have supernaturally acute eyesight. (SInv)
You cover ground extremely quickly. (Speed+++)


Message History

Found a glowing spear.
The scorpion closely misses you.
You hit the scorpion.
The scorpion is lightly wounded.
The scorpion stings you.
You throw a poisoned dart. The poisoned dart hits the scorpion.
The scorpion is poisoned.
The scorpion is lightly wounded.
You throw a poisoned dart.
The poisoned dart barely misses the scorpion.
You hit the scorpion.
The scorpion is severely wounded.
The scorpion looks more healthy.
The scorpion stings you!
You are lethally poisoned!
The scorpion poisons you!
You feel sick.
You feel sick.
You feel sick.
You feel sick.
You aren't carrying any potions.
As you read the scroll labelled TUKKILU GIEP, it crumbles to dust.
It is a scroll of amnesia.
You feel forgetful for a moment.
* * * LOW HITPOINT WARNING * * *
You feel sick.
As you read the scroll labelled GEVALI BAWNO, it crumbles to dust.
You assume a fearsome visage.
The scorpion looks frightened!
It was a scroll of fear.
* * * LOW HITPOINT WARNING * * *
You feel sick.
As you read the scroll labelled UCUAMO LEOR, it crumbles to dust.
It is a scroll of identify.
You don't have any unidentified items.
* * * LOW HITPOINT WARNING * * *
You feel sick.
* * * LOW HITPOINT WARNING * * *
You feel sick.
* * * LOW HITPOINT WARNING * * *
You feel sick.
You die...

# ########## # #(.......# #######
# ######.######.# #.....# #
#......)....#.#######.###.# #
**#.####(####.#.@.........#.#####
,,*,#.......#,###.#####.#.#....##
*,*,#.##.##.#,* #.# #......#...
*,*,#.#...#,#,**#.# ######...##
#....).._....,,,#.# #########.###
###.#.#...#.#,*,..# #.........# #
#.#.##.##.#,**### #.#######.###
#,#......,#,*,,****,* #.##.
*,###*.###*,**,,,,,,* #.##.


There were no monsters in sight!

Vanquished Creatures
  An orc wizard (D:4)
  4 adders (D:3)
  A white imp (D:4)
  A worm (D:2)
  2 orcs (D:4)
  7 ball pythons
  3 bats
  6 endoplasms
  2 giant cockroaches
  2 goblins
  8 hobgoblins
  8 kobolds
  4 quokkas
  2 frilled lizards
  2 rats
53 creatures vanquished.

Notes
Turn   | Place    | Note
-------+----------+-------------------------------------------
     0 | D:1      | AmazingTV the Spriggan Brigand began the quest for the Orb.
     0 | D:1      | Reached XP level 1. HP: 10/10 MP: 2/2
   329 | D:1      | Reached skill level 6 in Stealth
   438 | D:1      | Reached XP level 2. HP: 8/14 MP: 3/3
  1277 | D:2      | Reached XP level 3. HP: 15/18 MP: 4/4
  2072 | D:3      | Reached skill level 1 in Slings
  2383 | D:3      | Reached XP level 4. HP: 23/23 MP: 5/5
  2751 | D:3      | Noticed a reaper
  2752 | D:3      | Found a faded altar of an unknown god.
  2843 | D:4      | Found an iron altar of Okawaru.
  3094 | D:4      | HP: 1/23 [orc wizard (2)]
  3520 | D:4      | Found a sacrificial altar of Ru.
  3530 | D:4      | Noticed a scorpion
  3556 | D:4      | HP: 1/23 [poisoned by a scorpion]
  3557 | D:4      | Succumbed to a scorpion's poison

Illustrated notes

Levels and vault maps discovered:
D:1:      dpeg_arrival_long_road, layout_rooms
D:2:      layout_loops_ring, minmay_misc_feat_chi, st_stairs_5
D:3:      layout_basic, dreamdust_ecumenical_altar_sealed_demon
D:4:      layout_loops_ring, nicolae_ru_sacrificial_ziggurat,
          lemuel_doored_altar, serial_shops, shop, fountainhead,
          nicolae_stop_n_shop_2

Skill      XL: |  1  2  3 |
---------------+----------+-----
Stealth        | 6 |  6.5
Short Blades   | 3 |  3.5
Slings         | 1 |  1.7
Dodging        | 2 |  2.5
Fighting       | 2 |  2.1
Throwing       | |  2.5

Action                   |  1- 3 |  4- 6 || total
-------------------------+-------+-------++-------
Melee: Dagger            |   121 |    59 ||   180
       Punch             |     1 |     4 ||     5
Throw: Dart              |     3 |     5 ||     8
  Use: Scroll            |       |     5 ||     5
       Potion            |       |     1 ||     1
 Stab: Sleeping          |    17 |     5 ||    22
       Distracted        |     1 |     1 ||     2
Armor: Robe              |    15 |     7 ||    22
Dodge: Dodged            |    61 |    39 ||   100
